 Dungeon Crawl Stone Soup version 0.25.1-8-g42b30a86e7 (webtiles) character file.

Game seed: 791972422042444693

30 hawla the Conjurer (level 3, -6/26 HPs)
             Began as a Draconian Conjurer on Dec 17, 2020.
             Mangled by Sigmund
             ... wielding a +0 scythe of venom
              (11 damage)
             ... on level 2 of the Dungeon.
             The game lasted 00:03:04 (1446 turns).

hawla the Conjurer (Draconian Conjurer)             Turns: 1446, Time: 00:03:05

Health: -6/26      AC:  5    Str: 10    XL:     3   Next: 3%
Magic:  1/6        EV: 13    Int: 16    God:
Gold:   22         SH:  0    Dex: 11    Spells: 3/6 levels left

rFire    . . .     SeeInvis .   (no weapon)
rCold    . . .     Gourm    .   (no shield)
rNeg     . . .     Faith    .   (armour unavailable)
rPois    .         Spirit   .   (helmet restricted)
rElec    .         Reflect  .   (no cloak)
rCorr    .         Harm     .   (no gloves)
MR       .....                  (no boots)
Stlth    ++........             (no amulet)
HPRegen  0.08/turn              (no ring)
MPRegen  0.10/turn              (no ring)

@: lethally poisoned (-6 -> -26), very slightly contaminated
A: unfitting armour, cold-blooded, AC +5
a: no special abilities


You were on level 2 of the Dungeon.
You were hungry.

You visited 1 branch of the dungeon, and saw 2 of its levels.

You collected 22 gold pieces.

Inventory:

Scrolls
 a - a scroll of enchant armour {unknown}
 d - a scroll of fog
Comestibles
 b - a ration


   Skills:
 - Level 1.0 Throwing
 + Level 2.8 Dodging
 - Level 2.0 Stealth
 - Level 2.0 Spellcasting
 - Level 4.0 Conjurations


You had 3 spell levels left.
You knew the following spells:

 Your Spells              Type           Power        Failure   Level  Hunger
a - Magic Dart            Conj           ##..         4%          1    #......
b - Searing Ray           Conj           ##....       6%          2    ###....

Your spell library contained the following spells:

 Spells                   Type           Power        Failure   Level  Hunger
 Dazzling Flash           Conj/Hex       #.....       26%         3    ###....
 Fulminant Prism          Conj/Hex       #.........   65%         4    #####..
 Iskenderun's Mystic Bla  Conj/Tloc      #.......     65%         4    #####..


Dungeon Overview and Level Annotations

Branches:
Dungeon (2/15)

Altars:

Annotations:
D:2 Sigmund


Innate Abilities, Weirdness & Mutations

Your plain brown scales are hard. (AC +5)
You cannot fit into any form of body armour.
You are cold-blooded and may be slowed by cold attacks.


Message History

Sigmund says, "Don't worry, I'll kill you fast."
In your confused state, you trip and fall back down the stairs.
Sigmund is nearby!
In your confused state, you trip and fall back down the stairs.
Sigmund hits you from afar with a +0 scythe of venom!
You are poisoned.
Unknown command.
You feel sick.
Sigmund hits you from afar with a +0 scythe of venom.
You are more poisoned.
In your confused state, you trip and fall back down the stairs.
* * * LOW HITPOINT WARNING * * *
You feel sick.
Unknown command.
You aren't carrying any potions.
You feel less confused.
* * * LOW HITPOINT WARNING * * *
You feel sick.
Sigmund hits you from afar with a +0 scythe of venom!
You die...

#......#####.. #......#
# ### #......# .. #
#......# .#.#
#^.....#########.#.####
#..................#.<#
#..................#..#
#..................##.#
#####......@.@........#
#####.#.#+##.######
#.#...# ... #.#####
#### #.# #.# #.# ...
...


You could see Sigmund.

Vanquished Creatures
  4 dart slugs (D:1)
  2 leopard geckos (D:1)
  A bat (D:1)
  4 giant cockroaches (D:1)
  A goblin (D:1)
  A hobgoblin (D:1)
  3 kobolds
  2 frilled lizards (D:1)
  A rat (D:1)
19 creatures vanquished.

Notes
Turn   | Place    | Note
-------+----------+-------------------------------------------
     0 | D:1      | hawla the Draconian Conjurer began the quest for the Orb.
     0 | D:1      | Reached XP level 1. HP: 14/14 MP: 3/3
    46 | D:1      | Reached skill level 1 in Throwing
   240 | D:1      | Reached XP level 2. HP: 20/20 MP: 1/5
   325 | D:1      | Learned a level 2 spell: Searing Ray
   934 | D:1      | Reached XP level 3. HP: 26/26 MP: 0/6
  1332 | D:2      | Noticed Sigmund
  1446 | D:2      | Mangled by Sigmund

Illustrated notes

Levels and vault maps discovered:
D:1:      dpeg_arrival_arbitrary_b, layout_basic
D:2:      layout_basic, first_ration, minmay_misc_feat_nine_boxes, uniq_sigmund

Skill      XL: |  1 |
---------------+----+-----
Throwing       | 1 |  1.0
Stealth        | 2 |  2.0
Dodging        | 2 |  2.8
Spellcasting   | |  2.0
Conjurations   | |  4.0

Action                   || total
-------------------------++-------
Melee: Unarmed           ||     8
       Tailslap          ||     1
 Cast: Magic Dart        ||    42
       Searing Ray       ||     6
  Use: Scroll            ||     2
  Eat: Chunk             ||     2
Armor: Skin              ||     2
Dodge: Dodged            ||    13
